FIQ, neutral male gnomish Wizard --- -------.--- --.--.|....-- |.G.........| -.f....[....| |...|.....(..-- -- -.----.......| .. . --......---- . -- |.)^......| -.--- |-........---...| |....)......---.| --..............| |-...........|.| |......|....-|.| |......|--..|-.| ----.-------|..| ..|--.|.--..| ---|.......-- --.--<..| ...|--.-- ----- --- FIQ the Evoker Experience level: 1 Strength: 11 Dexterity: 15 Constitution: 13 Intelligence: 17 Wisdom: 11 Charisma: 9 Health: 0(11) Energy: 6(6) Def: 2 Gold: 430 Moves: 1460 Dungeon seed: pRWwZnrYa3mwZbA0 Game ID: FIQ_1688138462 Your Inventory: Coins $ - 430 gold pieces Amulets p - a cursed amulet of change named cursed? Weapons a - a blessed +1 quarterstaff (weapon in hands) j - an uncursed +0 orcish dagger Armor e - an uncursed +0 cloak of magic resistance (being worn) n - an uncursed +0 orcish helm (being worn) Comestibles s - an uncursed lichen corpse u - an uncursed food ration Spellbooks m - an uncursed spellbook of phase Rings i - an uncursed +3 ring of increase accuracy (on left hand) Wands b - an uncursed wand of striking (0:4) o - an uncursed wand of light (0:11) Tools h - an uncursed blindfold k - an uncursed lock pick Gems q - an uncursed agate stone r - an uncursed worthless piece of violet glass y - an uncursed worthless piece of yellow glass z - 2 uncursed worthless pieces of blue glass Spells and supernatural/magical abilities: Name Level Category Cost Memory a - force bolt 1 attack 8pw 98% d - dig 2 matter 25pw 98% m - magic missile 2 attack 16pw 98% O - summoning 2 clerical 25pw 98% W - pray for help -- divine ? -- Your skills at the end: Fighting Skills wands [Basic] Weapon Skills quarterstaff [Basic] Spellcasting Skills attack spells [Basic] enchantment spells [Basic] Final Attributes: You were nominally aligned. You were magic resistant. You had infravision. You had a +3 bonus to hit. You last prayed 575 turns ago. Thoth was noncommittal. You are dead. Vanquished creatures: a gas spore a hobbit 2 large kobolds 2 giant rats a green mold a red mold a gnome 2 geckos 3 jackals a fox a kobold 4 goblins a grid bug a bat a lichen 3 kobold zombies 3 newts 29 creatures vanquished. Voluntary challenges: You followed a strict vegan diet. You never hit with a wielded weapon. You were a pacifist. You read items or engraved 1 time, starting on turn 609. You never genocided any monsters. You never polymorphed an object. You never changed form. You used no wishes. You never split a pudding. You never wrote Elbereth's name. You never violated your personal moral code. Dungeon overview: The Dungeons of Doom: levels 1 to 3 Level 1 a fountain, a sink, a vault a long staircase Level 2 a vault Level 3 a general store, many fountains stairs to The Gnomish Mines The Gnomish Mines: Level 4 <- You were here stairs to The Dungeons of Doom History has recorded: On T:1 you entered the Dungeons of Doom to retrieve the Amulet of Yendor! On T:312 you reached level 2 of The Dungeons of Doom. On T:523 you reached level 3 of The Dungeons of Doom. On T:1339 you reached level 1 of The Gnomish Mines. Score breakdown: Gold: 430 ( 8961 points) Experience: 1 level ( 0 points) Exploration: 4 levels ( 8.33%) ( 7579 points) Discoveries: 2 items ( 0.67%) ( 2457 points) Valuables value: (no points given unless you survive) Artifact value: 0 ( 0 points) Variety of kills: 17 monsters ( 4.47%) ( 6345 points) Turncount: 1460 turns ( 0 points) Survival: died (score multiplied by 80%) Total score: 20273 Latest messages: The goblin picks up a runed dagger from the floor. The large cat eats a hobbit corpse. The large cat bites the goblin. The goblin is killed! You displace your large cat. You see here 2 blue gems. There are a few objects here. u - a food ration. You see here a tin whistle. You see here 2 blue gems. z - 2 blue gems. You see here a sling. Please move the cursor to an unknown object. Never mind. You stop exploring. The large cat bites the gas spore. The gas spore is killed! The large cat is caught in the gas spore's explosion! You are caught in the gas spore's explosion! For some reason, you think that you can almost hear the Wizard laugh manically... Final status: Goodbye FIQ the Wizard, killed by a gas spore's explosion... You died in The Gnomish Mines on dungeon level 4 with 20273 points, and 430 pieces of gold, after 1460 moves. You were level 1 with a maximum of 11 hit points when you died.